 Dungeon Crawl Stone Soup version 0.29.1-12-g30fa7ad0bf (webtiles) character file.

Game seed: 492891184890394404

32 Radix the Sneak (level 3, 0/34 HPs)
             Began as a Kobold Brigand on Dec 24, 2022.
             Succumbed to a goblin's poison
             ... on level 2 of the Dungeon.
             The game lasted 00:04:18 (794 turns).

Radix the Sneak (Kobold Brigand)                     Turns: 794, Time: 00:04:18

Health: 0/34       AC:  3    Str:  5 (8)  XL:     3   Next: 45%
Magic:  12/12      EV: 14    Int:  9 (10) God:
Gold:   106        SH:  0    Dex: 15 (18) Spells: 2/2 levels left

rFire   . . .      SeeInvis .   f - +2 dagger (flame)
rCold   . . .      Faith    .   (no shield)
rNeg    . . .      Spirit   .   b - +0 robe
rPois   .          Reflect  .   (no helmet)
rElec   .          Harm     .   c - +0 cloak
rCorr   .          Rampage  .   (no gloves)
Will    .....                   (no boots)
Stlth   ..........              (no amulet)
HPRegen 0.11/turn               l - ring of magical power
MPRegen 0.13/turn               (no ring)

@: brilliant, berserking, lethally poisoned (0 -> -5), very quick
A: small, no large weapons, nightstalker 3, dopey 1
a: no special abilities


You were on level 2 of the Dungeon.
You visited 1 branch of the dungeon, and saw 2 of its levels.

You collected 106 gold pieces.

Inventory:

Hand Weapons
 a - a +2 dagger
 f - a +2 dagger of flaming (weapon)
Missiles
 d - 9 poisoned darts (quivered)
 e - 3 curare-tipped darts
Armour
 b - a +0 robe (worn)
 c - a +0 cloak (worn)
Jewellery
 l - a ring of magical power (left hand)
Scrolls
 g - 2 scrolls of amnesia {unknown}
 h - 2 scrolls of silence {unknown}
 k - a scroll of teleportation {unknown}


   Skills:
 + Level 3.1 Fighting
 + Level 3.7 Short Blades
 - Level 2.1 Throwing
 - Level 1.2 Dodging
 + Level 5.5 Stealth


You had 2 spell levels left.
You didn't know any spells.
Your spell library was empty.

Dungeon Overview and Level Annotations

Branches:
Dungeon (2/15)

Altars:

Annotations:
D:2 Robin


Innate Abilities, Weirdness & Mutations

You are small and have problems with some larger weapons.
You are completely attuned to the shadows.
You are dopey. (Int -2)


Message History

The goblin hits you but does no damage.
The hobgoblin hits you but does no damage.
The goblin misses you.
It was a potion of berserk rage.
A red film seems to cover your vision as you go berserk!
You feel yourself moving faster!
You feel mighty!
The goblin hits you with a +0 dagger of venom.
* * * LOW HITPOINT WARNING * * *
You are lethally poisoned!
The hobgoblin barely misses you. The goblin barely misses you.
You closely miss the goblin.
* * * LOW HITPOINT WARNING * * *
You feel sick.
You puncture the goblin! You burn the goblin.
You kill the goblin!
* * * LOW HITPOINT WARNING * * *
You feel sick.
Robin roars a battlecry!
The goblin goes into a battle-frenzy!
The hobgoblin barely misses you. The goblin misses you.
* * * LOW HITPOINT WARNING * * *
You feel sick.
Things that are here:
a +0 club; a goblin corpse You puncture the goblin!
You burn the goblin.
You kill the goblin!
* * * LOW HITPOINT WARNING * * *
You feel sick.
Robin says, "Bow before me, strongest of all the hobgoblins!"
* * * LOW HITPOINT WARNING * * *
You feel sick.
You barely miss the hobgoblin.
The hobgoblin is almost dead.
* * * LOW HITPOINT WARNING * * *
You feel sick.
You puncture the hobgoblin! You burn the hobgoblin.
You kill the hobgoblin!
You puncture the goblin! You burn the goblin.
You kill the goblin!
You die...

#......#
#......#
#......##
#.ggg...###
#.gg..<....
##)###.....
##############.#
#.....
#...........@))#
#..g..
#.###.......####
####.g #.#
#.......# #.#
#.......#
#.###......##
#...........
#####.....
#†...†....
#[###.....


There were no monsters in sight!

Vanquished Creatures
  7 endoplasms (D:1)
  2 giant cockroaches (D:1)
  8 goblins
  2 hobgoblins
  A ball python (D:1)
  2 bats (D:1)
  2 frilled lizards (D:2)
  5 kobolds
  A rat (D:1)
30 creatures vanquished.

Notes
Turn   | Place    | Note
-------+----------+-------------------------------------------
     0 | D:1      | Radix the Kobold Brigand began the quest for the Orb.
     0 | D:1      | Reached XP level 1. HP: 12/12 MP: 1/1
   110 | D:1      | Reached XP level 2. HP: 18/18 MP: 2/2
   551 | D:1      | Reached XP level 3. HP: 22/22 MP: 3/3
   763 | D:2      | Noticed Robin
   784 | D:2      | Gained mutation: You are dopey. (Int -2) [potion of
                  | mutation]
   792 | D:2      | HP: 1/34 [poisoned by a goblin]
   794 | D:2      | Succumbed to a goblin's poison

Illustrated notes

Levels and vault maps discovered:
D:1:      ncdulo_smallfort, layout_basic, minmay_misc_feat_x
D:2:      layout_basic, uniq_robin

Skill      XL: |  1  2  3 |
---------------+----------+-----
Short Blades   | 3 |  3.7
Fighting       | 3 |  3.1
Throwing       | |  2.1
Dodging        | |  1.2
Stealth        | |  5.5

Action                   || total
-------------------------++-------
Melee: Dagger            ||    56
       Punch             ||     2
  Use: Potion            ||     4
 Stab: Sleeping          ||    13
Armor: Robe              ||     7
Dodge: Dodged            ||    45
